 Dungeon Crawl Stone Soup version 0.27.0-1-g7a089689b8 (webtiles) character file.

Game seed: 11378287978668066020

734 bonger the Basher (level 7, 0/60 HPs)
             Began as a Minotaur Fighter on Aug 3, 2021.
             Slain by an orc priest (3 damage)
             ... on level 4 of the Dungeon.
             The game lasted 00:03:38 (4147 turns).

bonger the Basher (Minotaur Fighter)                Turns: 4147, Time: 00:03:39

Health: 0/60       AC:  7    Str: 22    XL:     7   Next: 45%
Magic:  6/6        EV:  7    Int:  5    God:
Gold:   222        SH:  9    Dex: 10    Spells: 6/6 levels left

rFire    . . .     SeeInvis .   a - +0 flail
rCold    . . .     Faith    .   c - +0 kite shield
rNeg     . . .     Spirit   .   b - +0 scale mail
rPois    .         Reflect  .   (helmet restricted)
rElec    .         Harm     .   (no cloak)
rCorr    .         Rampage  .   (no gloves)
Will     .....                  (no boots)
Stlth    ..........             (no amulet)
HPRegen  0.20/turn              (no ring)
MPRegen  0.10/turn              (no ring)

@: mighty
A: horns 2, retaliatory headbutt
a: no special abilities


You were on level 4 of the Dungeon.
You visited 1 branch of the dungeon, and saw 5 of its levels.

You collected 222 gold pieces.

Inventory:

Hand Weapons
 a - a +0 flail (weapon)
Armour
 b - a +0 scale mail (worn)
 c - a +0 kite shield (worn)
 q - the -1 buckler of Byggeib {-Tele MP+9 Str+2 Int+5}
   (You found it on level 4 of the Dungeon)

   Str:       It affects your strength (+2).
   Int:       It affects your intelligence (+5).
   MP:        It affects your magic capacity (+9).
   -Tele:     It prevents most forms of teleportation.
Magical Staves
 o - a staff of air {rElec}
   (You found it on level 3 of the Dungeon)
Scrolls
 g - 2 scrolls of magic mapping {unknown}
 h - 4 scrolls of identify {unknown}
 i - a scroll of teleportation {unknown}
 j - 4 scrolls of amnesia {unknown}
 k - 2 scrolls of summoning {unknown}
Potions
 e - a potion of curing {unknown}
 f - a potion of haste
 l - a potion of flight {unknown}
 m - a potion of ambrosia {unknown}
 n - 2 potions of magic {unknown}
 p - a potion of cancellation {unknown}


   Skills:
 - Level 4.6 Fighting
 + Level 9.0 Maces & Flails
 - Level 4.5 Armour
 - Level 4.5 Shields


You had 6 spell levels left.
You didn't know any spells.
Your spell library contained the following spells:

 Spells                   Type           Power      Damage    Failure   Level
 Corpse Rot               Necr/Air       N/A        N/A       100%        2
 Poisonous Vapours        Pois/Air       0%         N/A       100%        2
 Freezing Cloud           Conj/Ice/Air   0%         6-21      100%        5
 Silence                  Hex/Air        0%         N/A       100%        5
 Invisibility             Hex            0%         N/A       100%        6


Dungeon Overview and Level Annotations

Branches:
Dungeon (5/15)
 Temple: D:4-7

Altars:
Ashenzari
Okawaru

Shops:
D:1 !


Innate Abilities, Weirdness & Mutations

You have a pair of horns on your head.
You reflexively headbutt those who attack you in melee.


Message History

A centaur skeleton is nearby!
Found a mace.
Found a stone staircase leading up.
A centaur skeleton is nearby!
You sock the centaur skeleton!
The centaur skeleton hits you but does no damage.
The centaur skeleton kicks you but does no damage.
A centaur skeleton is nearby!
You sock the centaur skeleton! You headbutt the centaur skeleton.
The centaur skeleton hits you but does no damage.
The centaur skeleton closely misses you.
The centaur skeleton hits you but does no damage.
The centaur skeleton kicks you but does no damage.
You sock the centaur skeleton!
The centaur skeleton hits you but does no damage.
The centaur skeleton barely misses you.
You hit the centaur skeleton.
You block the centaur skeleton's attack.
The centaur skeleton barely misses you.
The centaur skeleton closely misses you.
You block the centaur skeleton's attack.
You thump the centaur skeleton!
You destroy the centaur skeleton!
Your Maces & Flails skill increases to level 9!
There is a stone staircase leading up here.
An orc priest comes into view. It is wielding a +0 mace.
The orc priest shouts!
You hear an angry growl.
An orc priest comes into view. It is wielding a +0 hand axe.
An orc comes into view. It is wielding a +0 flail.
The orc shouts!
The orc priest shouts!
You see here 7 gold pieces.
A black bear comes into view.
There are monsters nearby!
Your shield prevents you from hitting the orc priest.
You block the orc priest's attack.
There are monsters nearby!
You closely miss the orc priest.
The orc priest looks encouraged for a moment.
The orc priest calls down the wrath of Beogh upon you.
Beogh smites you!
There are monsters nearby!
You hit the orc priest but do no damage.
The orc priest closely misses you.
You take 16 damage, and have 44/60 hp.
MASSIVE DAMAGE!!
You closely miss the orc priest.
The orc priest looks encouraged for a moment.
The orc priest hits you with a +0 mace. You block the orc's attack.
You take 4 damage, and have 40/60 hp.
You see here 7 gold pieces.
The orc priest looks satisfied for a moment.
The orc priest invokes the aid of Beogh against you.
Beogh smites you!
There is a stone staircase leading up here.
You take 16 damage, and have 24/60 hp.
MASSIVE DAMAGE!!
The orc priest looks braver for a moment.
The orc hits you with a +0 flail.
You climb upwards.
There is a stone staircase leading down here.
You take 3 damage, and have 21/60 hp.
You barely miss the orc. You headbutt the orc.
You block the orc priest's attack. The orc hits you but does no damage.
You hit the orc.
You kill the orc!
The orc priest hits you with a +0 mace.
* * * LOW HITPOINT WARNING * * *
You take 4 damage, and have 17/60 hp.
You hit the orc priest but do no damage.
Your headbutt misses the orc priest. You block the orc priest's attack.
The orc priest hits you with a +0 mace.
* * * LOW HITPOINT WARNING * * *
You closely miss the orc priest.
The orc priest calls down the wrath of Beogh upon you.
You struggle to resist.
You barely miss the orc priest.
The orc priest miscasts a cantrip.
You hit the orc priest but do no damage.
The orc priest barely misses you.
You closely miss the orc priest. The orc priest hits you with a +0 mace.
* * * LOW HITPOINT WARNING * * *
You closely miss the orc priest.
You headbutt the orc priest, but do no damage.
You block the orc priest's attack.
You hit the orc priest but do no damage.
You block the orc priest's attack.
You hit the orc priest. The orc priest hits you with a +0 mace.
* * * LOW HITPOINT WARNING * * *
You block the orc priest's attack.
You take 2 damage, and have 15/60 hp.
You closely miss the orc priest.
You headbutt the orc priest, but do no damage.
The orc priest mumbles some strange prayers to Beogh against you.
Beogh smites you!
* * * LOW HITPOINT WARNING * * *
You take 13 damage, and have 2/60 hp.
MASSIVE DAMAGE!!
You feel very mighty all of a sudden. You block the orc priest's attack.
You sock the orc priest! The orc priest hits you with a +0 mace.
You die...

#.###.# #.###.###
#........ #########
#####.... #.......#
########..# #.......#
#.....#...#
#.......#####.###.#####
#....o.................
#.....@................
#.....).####.......)###
#..........#...##.###
#########.##...##.#
#.##...##.# #.##...##.#
#.##...##^# #.##...##.#
#.##...##.#


You could see an orc priest.

Vanquished Creatures
  Grinder (D:4)
  A necrophage (D:2)
  A centaur (D:4)
  A scorpion (D:4)
  A centaur skeleton (D:5)
  An orc priest (D:4)
  A hound (D:4)
  Terence (D:3)
  2 orc wizards
  A hound skeleton (D:3)
  4 adders
  An adder skeleton (D:4)
  A worm (D:3)
  A dart slug (D:2)
  9 orcs
  3 bats
  5 giant cockroaches
  5 goblins
  10 hobgoblins
  5 jackals (D:1)
  8 kobolds
  5 quokkas
  5 ball pythons
  3 frilled lizards
  5 rats
81 creatures vanquished.

Notes
Turn   | Place    | Note
-------+----------+-------------------------------------------
     0 | D:1      | bonger the Minotaur Fighter began the quest for the Orb.
     0 | D:1      | Reached XP level 1. HP: 19/19 MP: 0/0
   453 | D:1      | Found Ikideobo's Distillery.
   466 | D:1      | Reached XP level 2. HP: 20/27 MP: 1/1
   627 | D:1      | Found a faded altar of an unknown god.
   846 | D:1      | Reached skill level 4 in Fighting
   972 | D:2      | Reached skill level 4 in Armour
   972 | D:2      | Reached skill level 4 in Shields
  1019 | D:2      | Noticed a necrophage
  1035 | D:2      | Killed a necrophage
  1036 | D:2      | Reached skill level 3 in Maces & Flails
  1036 | D:2      | Reached XP level 3. HP: 29/34 MP: 2/2
  1036 | D:2      | Reached XP level 4. HP: 35/41 MP: 3/3
  1263 | D:2      | Reached skill level 4 in Maces & Flails
  1336 | D:2      | Reached XP level 5. HP: 47/47 MP: 4/4
  1730 | D:3      | Got the Guide on the Oath
  1881 | D:3      | Reached skill level 5 in Maces & Flails
  2461 | D:3      | Noticed Terence
  2467 | D:3      | Killed Terence
  2677 | D:3      | Found an iron altar of Okawaru.
  2738 | D:4      | Noticed a centaur
  2743 | D:4      | Killed a centaur
  2744 | D:4      | Reached skill level 6 in Maces & Flails
  2744 | D:4      | Reached XP level 6. HP: 22/53 MP: 5/5
  2744 | D:4      | HP: 11/53 [orc priest/divine providence (11)]
  3102 | D:4      | Reached skill level 7 in Maces & Flails
  3354 | D:4      | Found a broken altar of Ashenzari.
  3421 | D:4      | Identified the -1 buckler of Byggeib {-Tele MP+9 Str+2
                  | Int+5}
  3530 | D:4      | Noticed Grinder
  3550 | D:4      | HP: 1/53 [Grinder/nerve-wracking pain (13)]
  3553 | D:4      | Killed Grinder
  3554 | D:4      | Reached skill level 8 in Maces & Flails
  3554 | D:4      | Reached XP level 7. HP: 2/60 MP: 6/6
  4108 | D:5      | Entered Level 5 of the Dungeon
  4117 | D:5      | Reached skill level 9 in Maces & Flails
  4144 | D:4      | HP: 15/60 [orc priest (2)]
  4145 | D:4      | HP: 2/60 [orc priest/divine providence (13)]
  4147 | D:4      | Slain by an orc priest

Illustrated notes

Levels and vault maps discovered:
D:1:      mrwooster_arrival_statue, layout_basic,
          hellmonk_ecumenical_altar_dog_temple, serial_shops, shop
D:2:      layout_loops_ring, minmay_indecisive_spiral
D:3:      layout_basic, lemuel_crystal_altar, grunt_decor_one_mirror,
          minmay_cupped, uniq_terence
D:4:      layout_basic, lemuel_coloured_pillars_altar, uniq_grinder
D:5:      layout_basic, lemuel_round_altar, minmay_temple_entry_tees,
          gammafunk_ghost_grave, corexii_shack

Skill      XL: |  1  2  3  4  5  6  7 |
---------------+----------------------+-----
Fighting       | 4 |  4.6
Armour         | 4 |  4.5
Shields        | 4 |  4.5
Maces & Flails | 3 4 6 8 9 |  9.0

Action                   |  1- 3 |  4- 6 |  7- 9 || total
-------------------------+-------+-------+-------++-------
Melee: Flail             |    84 |   151 |    22 ||   257
       Headbutt          |     6 |    29 |     5 ||    40
  Use: Potion            |       |       |     1 ||     1
Armor: Scale mail        |    36 |    56 |     7 ||    99
Dodge: Dodged            |    24 |    47 |     6 ||    77
Block: Kite shield       |    57 |    97 |    10 ||   164

Table legend: (Time is in decaauts)
 A = Elapsed time spent in this place.
 B = Non-inter-level travel time spent in this place.
 C = Inter-level travel time spent in this place.
 D = Time resting spent in this place.
 E = Time spent auto-exploring this place.
 F = Levels seen in this place.
 G = Mean time per level.
                   A        B        C        D        E       F      G
               +--------+--------+--------+--------+--------+-----+--------+
         Total |   4241 |   4129 |    112 |    870 |   2664 |   5 |  848.2 |
       Dungeon |   4241 |   4129 |    112 |    870 |   2664 |   5 |  848.2 |
               +--------+--------+--------+--------+--------+-----+--------+

Top non-repeatable levels by time:
     D:3: 1401 daAuts
     D:4: 1116 daAuts
     D:1: 966 daAuts
     D:2: 730 daAuts
     D:5: 27 daAuts

Table legend:
 A = Kills in this place as a percentage of kills in entire the game.
 B = Kills by you in this place as a percentage of kills by you in the entire game.
 C = Kills by friends in this place as a percentage of kills by friends in the entire game.
 D = Other kills in this place as a percentage of other kills in the entire game.
 E = Experience gained in this place as a percentage of experience gained in the entire game.
 F = Experience gained in this place divided by the number of levels of this place that you have seen.
                   A       B       C       D       E      F
               +-------+-------+-------+-------+-------+----------------------
         Total | 100.0 | 100.0 |   N/A |   N/A | 100.0 | 209.8
       Dungeon | 100.0 | 100.0 |   N/A |   N/A | 100.0 | 209.8
               +-------+-------+-------+-------+-------+----------------------
